AoeStats
← Pillage The Village

African Clearing

506474934Analyzed
3v3 RM · 18d ago on Sep 13, 2026· 66m 20s· 6 players
Game mode
Random Map
Map size
Normal (6 player)
Population
200
Speed
Normal
Resources
Standard
Victory
Conquest
Starting age
Dark Age
Ending age
Imperial Age
RankedLock teamsTeams togetherTeam positionsShared explorationLock speedFull tech treeHidden civsTurbo modeCheats
Victory
Defeat
🇩🇰 Malians · Denmark
1089
+16
🇧🇷 Mongols · Brazil
1044
+18
🇷🇺 Vietnamese · Russia
1034
+18
🇧🇪 Persians · Belgium
1221
-22
🇧🇪 Mongols · Belgium
1090
-18
🇧🇪 Franks · Belgium
951
-12
Lord Tiquira
10:09 Loom
13:29 Feudal Age
13:59 Double-Bit Axe
23:16 Castle Age
23:35 Fletching
30:10 Husbandry
31:06 Bodkin Arrow
32:13 Ballistics
41:17 Bow Saw
41:08 Padded Archer Armor
44:12 Thumb Ring
46:02 Wheelbarrow
52:24 Imperial Age
50:31 Hand Cart
50:40 Pikeman
51:55 Squires
56:51 Bracer
60:02 Town Watch
61:44 Leather Archer Armor
62:06 Heavy Cavalry Archer
65:35 Scale Barding Armor
65:41 Forging
67:17 Chain Barding Armor
MrBubbles
4:41 Loom
15:36 Feudal Age
16:45 Man-at-Arms
17:12 Arson
17:36 Double-Bit Axe
18:31 Forging
18:22 Scale Mail Armor
24:09 Castle Age
23:46 Horse Collar
26:35 Wheelbarrow
26:53 Pikeman
34:45 Fletching
35:12 Chain Mail Armor
36:03 Heavy Plow
36:16 Bow Saw
35:57 Gold Mining
35:59 Stone Mining
37:52 Squires
38:13 Town Watch
40:33 Iron Casting
40:04 Scale Barding Armor
39:54 Bodkin Arrow
40:00 Padded Archer Armor
41:39 Tigui
43:44 Chain Barding Armor
43:11 Long Swordsman
45:06 Hand Cart
47:34 Imperial Age
48:51 Farimba
48:15 Heavy Camel Rider
49:06 Bloodlines
48:57 Husbandry
48:18 Cavalier
49:40 Plate Barding Armor
49:36 Plate Mail Armor
48:30 Two-Handed Swordsman
51:42 Crop Rotation
51:51 Gold Shaft Mining
51:53 Stone Shaft Mining
52:24 Chemistry
51:45 Ballistics
52:38 Capped Ram
54:33 Conscription
56:20 Champion
alterg27
6:21 Loom
15:25 Feudal Age
20:54 Castle Age
21:05 Fletching
22:00 Wheelbarrow
23:06 Bodkin Arrow
28:33 Ballistics
28:58 Padded Archer Armor
32:29 Hand Cart
32:48 Treadmill Crane
33:07 Horse Collar
33:27 Gold Mining
34:04 Bloodlines
35:17 Thumb Ring
36:26 Husbandry
37:03 Leather Archer Armor
36:55 Scale Barding Armor
42:18 Stone Mining
42:33 Chatras
45:06 Imperial Age
42:22 Town Watch
43:28 Chain Barding Armor
47:31 Forging
53:05 Murder Holes
54:11 Chemistry
54:00 Iron Casting
53:28 Bracer
55:45 Ring Archer Armor
60:41 Heavy Cavalry Archer
COMMANDER SANDER
5:43 Loom
13:38 Feudal Age
18:51 Wheelbarrow
22:02 Bloodlines
25:10 Castle Age
23:18 Double-Bit Axe
27:30 Thumb Ring
29:00 Ballistics
33:23 Padded Archer Armor
38:02 Leather Archer Armor
37:38 Fletching
41:18 Bodkin Arrow
41:49 Husbandry
42:52 Horse Collar
43:40 Hand Cart
43:38 Bow Saw
43:21 Gold Mining
43:21 Stone Mining
56:19 Imperial Age
55:07 Heavy Plow
59:38 Parthian Tactics
58:34 Heavy Cavalry Archer
60:27 Chemistry
59:32 Bracer
Pontifex Fakkulus
15:12 Feudal Age
15:45 Loom
17:22 Double-Bit Axe
22:39 Castle Age
22:46 Scale Barding Armor
22:53 Forging
29:58 Town Watch
32:54 Bow Saw
35:13 Chain Barding Armor
35:36 Elite Skirmisher
37:47 Wheelbarrow
39:21 Fletching
39:32 Padded Archer Armor
40:10 Bodkin Arrow
41:06 Leather Archer Armor
53:53 Hand Cart
Pillage The Village
7:04 Loom
14:03 Feudal Age
18:32 Castle Age
16:54 Forging
17:44 Bloodlines
22:10 Scale Barding Armor
22:46 Double-Bit Axe
25:19 Husbandry
28:10 Gold Mining
32:11 Horse Collar
34:21 Bow Saw
39:39 Wheelbarrow
40:36 Gold Shaft Mining
40:19 Fletching
43:17 Imperial Age
41:10 Light Cavalry
42:42 Iron Casting
43:04 Heavy Camel Rider
43:28 Hussar
45:06 Chain Barding Armor
48:13 Blast Furnace
49:52 Plate Barding Armor
50:17 Bodkin Arrow
52:33 Ballistics
54:13 Conscription
56:04 Stone Mining
58:59 Murder Holes
60:05 Chemistry
65:11 Padded Archer Armor
Connection lost

Rejoining the realm…

Still unreachable

The connection could not be restored.

Session expired

The server has moved on; the page needs a fresh start.